 Dungeon Crawl Stone Soup version 0.29-a0-925-g0a7a3d12f8 (webtiles) character file.

Game seed: 7694051546985345990

12537 IdlyInterested the Covert (level 11, -11/77 HPs)
             Began as a Demonspawn Wanderer on July 28, 2022.
             Was a Believer of Dithmenos.
             Mangled by a tengu warrior
             ... wielding a +0 dire flail
              (12 damage)
             ... on level 11 of the Dungeon.
             The game lasted 00:42:47 (13245 turns).

IdlyInterested the Covert (Demonspawn Wanderer)    Turns: 13245, Time: 00:42:47

Health: -11/77     AC: 13    Str: 11    XL:     11   Next: 63%
Magic:  0/14       EV: 13    Int: 12    God:    Dithmenos [**....]
Gold:   581        SH:  4    Dex: 20    Spells: 10/10 levels left

rFire   + . .      SeeInvis .   a - +7 dagger
rCold   + + .      Faith    .   (no shield)
rNeg    . . .      Spirit   +   x - +5 scale mail {rC+}
rPois   .          Reflect  .   v - +2 hat
rElec   .          Harm     .   w - scarf {rC+ rF+}
rCorr   .          Rampage  .   (no gloves)
Will    .....                   (no boots)
Stlth   ++++++....              g - amulet of magic regeneration
HPRegen 0.22/turn               i - ring of flight
MPRegen 0.68/turn               f - +4 ring of evasion

@: flying, wreathed by umbra
A: magic shield, magic regeneration, condensation shield, demonic touch 2
a: Renounce Religion, Shadow Step


You were on level 11 of the Dungeon.
You worshipped Dithmenos.
Dithmenos was pleased with you.
You visited 2 branches of the dungeon, and saw 12 of its levels.

You collected 1071 gold pieces.
You spent 490 gold pieces at shops.

Inventory:

Hand Weapons
 a - a +7 dagger (weapon)
 h - a +2 dagger of electrocution
 j - a +4 scimitar of flaming
 n - a +3 dagger
 r - a +1 short sword of venom
 F - a +2 dagger of freezing
 I - a +1 dagger of speed
Missiles
 o - 3 javelins
 p - 12 boomerangs (quivered)
 s - 37 poisoned darts
 D - a curare-tipped dart
Armour
 v - a +2 hat (worn)
 w - a scarf of resistance (worn)
 x - a +5 scale mail of cold resistance (worn)
 y - a +2 robe of positive energy
 z - a +0 kite shield of fire resistance
Jewellery
 f - a +4 ring of evasion (right hand)
 g - an amulet of magic regeneration (around neck)
 i - a ring of flight (left hand)
 k - a ring of fire
 H - a ring of resist corrosion
 J - a ring of positive energy
 K - a ring of magical power
 L - a ring of poison resistance
Wands
 B - a wand of flame (9)
Scrolls
 b - 3 scrolls of fear
 l - a scroll of amnesia
 m - 2 scrolls of blinking
 t - 2 scrolls of magic mapping
 u - 8 scrolls of teleportation
 G - a scroll of butterflies
Potions
 c - 2 potions of heal wounds
 d - 2 potions of cancellation
 e - 2 potions of attraction
 q - 6 potions of curing
 A - a potion of resistance
 C - a potion of mutation


   Skills:
 - Level 4.0 Fighting
 + Level 9.7 Short Blades
 - Level 1.0(1.5) Axes
 - Level 1.7(1.9) Polearms
 - Level 2.0 Throwing
 - Level 2.0 Armour
 - Level 2.0 Dodging
 * Level 13.5 Stealth
 - Level 4.0 Unarmed Combat
 - Level 4.0 Invocations
 - Level 2.0 Evocations


You had 10 spell levels left.
You didn't know any spells.
Your spell library contained the following spells:

 Spells                   Type           Power      Damage    Failure   Level
 Poisonous Vapours        Pois/Air       0%         N/A       96%         2
 Dazzling Flash           Conj/Hex       0%         N/A       99%         3
 Tukima's Dance           Hex            0%         N/A       99%         3
 Corpse Rot               Necr/Pois/Air  0%         N/A       100%        4
 Fulminant Prism          Conj/Hex       0%         3d6       100%        4
 Iskenderun's Mystic Bla  Conj/Tloc      0%         2d3       100%        4
 Passage of Golubria      Tloc           0%         N/A       100%        4
 Agony                    Necr           0%         N/A       100%        5
 Lee's Rapid Deconstruct  Erth           0%         3d5*      100%        5
 Silence                  Hex/Air        0%         N/A       100%        5
 Yara's Violent Unravell  Hex/Tmut       0%         3d3       100%        5


Dungeon Overview and Level Annotations

Branches:
Dungeon (11/15)            Temple (1/1) D:7
   Lair: D:8-11         Orc: D:9-12

Altars:
Ashenzari
Cheibriados
Dithmenos
Fedhas
Gozag
Hepliaklqana
Kikubaaqudgha
Makhleb
Nemelex Xobeh
Okawaru
Qazlal
Ru
Sif Muna
Trog
Uskayaw
Vehumet
Wu Jian
Xom
Yredelemnul

Shops:
D:5 [   D:8 [


Innate Abilities, Weirdness & Mutations

When hurt, damage is shared between your health and your magic reserves.
You regenerate magic rapidly.
A meltable shield of frost defends you. (SH +4)
Your touch may inflict irresistible damage on your foes.


Message History

The iceblast engulfs the cyclops!
The cyclops is moderately wounded.
The iceblast engulfs the tengu warrior!
The tengu warrior is heavily wounded.
The now-empty wand crumbles to dust.
You hear a loud, deep croak!
Something hits you!
* * * LOW HITPOINT WARNING * * *
The centaur shoots an arrow.
The arrow misses you.
A bullfrog comes into view.
You hit the tengu warrior but do no damage.
Your touch misses the tengu warrior.
The tengu warrior is heavily wounded.
Something barely misses you.
The centaur shoots an arrow.
The arrow hits you.
* * * LOW HITPOINT WARNING * * *
The tengu warrior hits you with a +0 dire flail!
* * * LOW HITPOINT WARNING * * *
The tengu warrior pecks you but does no damage.
The tengu warrior claws you but does no damage.
You barely miss the tengu warrior.
You touch the tengu warrior!
The tengu warrior is severely wounded.
Something barely misses you.
The centaur shoots an arrow.
The arrow closely misses you.
Unknown command.
You miss the tengu warrior.
The tengu warrior is severely wounded.
The tengu warrior closely misses you. The tengu warrior pecks you.
* * * LOW HITPOINT WARNING * * *
The tengu warrior barely misses you.
The centaur shoots an arrow.
The arrow misses you.
Unknown command.
You barely miss the tengu warrior.
The tengu warrior is severely wounded.
Unknown command.
You hit the centaur.
You kill the centaur!
Dithmenos accepts your kill. Something hits you but does no damage.
The tengu warrior hits you with a +0 dire flail!
You die...

..).##..##..........
....................
#.........<.......
##..........##.##..
#........$..#..#.
......#.F.........
.....##.......####
.##.........C..####
..........@QDQ...#
.###.......))......
#............}..
#...^............
#................
#................
...............#
........##..##.


You could see a five-headed hydra, a tengu warrior, a cyclops, a tengu conjurer
and a bullfrog.

Vanquished Creatures
  Erolcha (D:10)
  2 two-headed ogres
  Erica (D:9)
  The ghost of Tollund the Impaler, a novice MfGl of Wu Jian (D:8)
  An ugly thing (D:11)
  Maurice (D:9)
  Joseph (D:8)
  A kobold demonologist (D:10)
  Grinder (D:4)
  A wyvern (D:8)
  16 yaks
  A steam dragon (D:9)
  An acid dragon (D:8)
  3 water moccasins
  The ghost of xian the Conjurer, an amateur SpCj (D:3)
  A black bear (D:5)
  2 sky beasts (D:6)
  An ice beast (D:7)
  The ghost of ptdevnull the Chopper, an amateur BaFi (D:3)
  3 ogres
  The ghost of IdlyInterested the Cudgeller, an amateur DsGl (D:3)
  The ghost of snackwell the Insei, an amateur DsTm of Yredelemnul (D:3)
  14 centaurs
  A phantom (D:6)
  7 kobold brigands
  4 bullfrogs
  Blork the orc (D:6)
  5 necrophages
  5 scorpions
  4 wights (D:9)
  5 howler monkeys
  A jelly (D:6)
  2 orc priests
  4 hounds
  3 gnoll boudas
  6 iguanas
  17 orc wizards
  14 gnolls
  7 adders
  4 shadow imps
  5 dart slugs
  38 orcs
  12 ball pythons
  9 endoplasms
  2 giant cockroaches
  10 goblins
  14 hobgoblins
  6 quokkas
  7 bats
  5 frilled lizards
  20 kobolds
  3 rats
278 creatures vanquished.

Vanquished Creatures (others)
  22 fungi (D:11)
  34 plants (D:11)
56 creatures vanquished.

Grand Total: 334 creatures vanquished

Notes
Turn   | Place    | Note
-------+----------+-------------------------------------------
     0 | D:1      | IdlyInterested the Demonspawn Wanderer began the quest for
                  | the Orb.
     0 | D:1      | IdlyInterested set off with the following items: a +3
                  | dagger, a scroll of fear, a +0 spear, a potion of berserk
                  | rage, a +0 robe.
     0 | D:1      | Reached XP level 1. HP: 18/18 MP: 1/1
   301 | D:1      | Reached skill level 2 in Stealth
   339 | D:1      | Gained mutation: You regenerate magic rapidly. [demonic
                  | ancestry]
   339 | D:1      | Reached XP level 2. HP: 24/24 MP: 2/2
   409 | D:1      | Found a faded altar of an unknown god.
   424 | D:1      | Reached skill level 1 in Dodging
   783 | D:1      | Reached XP level 3. HP: 29/29 MP: 3/3
  1272 | D:2      | Reached skill level 1 in Axes
  1401 | D:2      | Reached skill level 1 in Short Blades
  1487 | D:2      | Reached skill level 3 in Stealth
  1656 | D:2      | Found a shimmering altar of Xom.
  2144 | D:2      | Reached XP level 4. HP: 35/35 MP: 4/4
  2522 | D:3      | Found a hazy altar of Hepliaklqana.
  3169 | D:3      | Found a blossoming altar of Fedhas.
  3356 | D:3      | Found a runed translucent gate.
  3357 | D:3      | Found a runed translucent gate.
  3357 | D:3      | Found a runed translucent gate.
  3358 | D:3      | Noticed xian's ghost (amateur SpCj)
  3358 | D:3      | Noticed ptdevnull's ghost (amateur BaFi)
  3358 | D:3      | Noticed IdlyInterested's ghost (amateur DsGl)
  3358 | D:3      | Noticed snackwell's ghost (amateur DsTm)
  3389 | D:3      | Killed xian's ghost
  3390 | D:3      | Reached skill level 4 in Stealth
  3390 | D:3      | Reached XP level 5. HP: 41/41 MP: 5/5
  3398 | D:3      | Killed ptdevnull's ghost
  3399 | D:3      | Reached skill level 1 in Invocations
  3410 | D:3      | Killed IdlyInterested's ghost
  3411 | D:3      | Gained mutation: Your touch may inflict minor irresistible
                  | damage on your foes. [demonic ancestry]
  3411 | D:3      | Reached XP level 6. HP: 10/47 MP: 7/7
  3803 | D:3      | Killed snackwell's ghost
  3804 | D:3      | Reached skill level 5 in Stealth
  3804 | D:3      | Reached skill level 1 in Unarmed Combat
  4101 | D:4      | Noticed Grinder
  4110 | D:4      | Killed Grinder
  4111 | D:4      | Gained mutation: A meltable shield of frost defends you.
                  | (SH +4) [demonic ancestry]
  4111 | D:4      | Reached XP level 7. HP: 37/52 MP: 8/8
  5063 | D:4      | Found a broken altar of Ashenzari.
  5239 | D:4      | Gained mutation: When hurt, damage is shared between your
                  | health and your magic reserves. [demonic ancestry]
  5239 | D:4      | Reached XP level 8. HP: 58/58 MP: 9/9
  5261 | D:4      | Reached skill level 5 in Short Blades
  5261 | D:4      | Reached skill level 6 in Stealth
  5275 | D:4      | Found a sparkling altar of Nemelex Xobeh.
  5495 | D:5      | Entered Level 5 of the Dungeon
  6563 | D:5      | Reached skill level 7 in Stealth
  6572 | D:5      | Found Meovor's Antique Armour Shoppe.
  6788 | D:5      | Bought a glowing scale mail for 189 gold pieces
  6788 | D:5      | Bought a runed robe for 99 gold pieces
  6788 | D:5      | Bought a runed kite shield for 202 gold pieces
  6966 | D:6      | Reached XP level 9. HP: 65/65 MP: 12/12
  7161 | D:6      | Noticed Blork the orc
  7173 | D:6      | Killed Blork the orc
  7259 | D:6      | Found a shimmering blue altar of Sif Muna.
  7365 | D:6      | Found an ornate altar of the Wu Jian Council.
  7376 | D:6      | Found an opulent altar of Gozag.
  7376 | D:6      | Found a radiant altar of Vehumet.
  7376 | D:6      | Found a sacrificial altar of Ru.
  7513 | D:6      | Reached skill level 8 in Stealth
  7900 | D:7      | Found a staircase to the Ecumenical Temple.
  7934 | Temple   | Entered the Ecumenical Temple
  7943 | Temple   | Became a worshipper of Dithmenos the Shadowed
  8742 | D:7      | Reached skill level 9 in Stealth
  9270 | D:8      | Noticed Joseph
  9289 | D:8      | Gained mutation: Your touch may inflict irresistible damage
                  | on your foes. [demonic ancestry]
  9289 | D:8      | Reached XP level 10. HP: 56/71 MP: 11/13
  9294 | D:8      | Found a stormy altar of Qazlal.
  9303 | D:8      | Killed Joseph
  9321 | D:8      | Reached * piety under Dithmenos
  9324 | D:8      | Found a runed translucent door.
  9324 | D:8      | Noticed Tollund's ghost (novice MfGl)
  9598 | D:8      | Noticed a two-headed ogre
  9614 | D:8      | Killed a two-headed ogre
  9615 | D:8      | Reached skill level 10 in Stealth
  9847 | D:8      | Found a hide-covered altar of Uskayaw.
  9873 | D:8      | Found Utwiguhi's Armour Shoppe.
 10197 | D:8      | Killed Tollund's ghost
 10461 | D:9      | Noticed Maurice
 10471 | D:8      | Reached skill level 11 in Stealth
 11169 | D:9      | Killed Maurice
 11237 | D:9      | Reached skill level 12 in Stealth
 11237 | D:9      | Reached XP level 11. HP: 72/77 MP: 14/14
 11255 | D:9      | Reached ** piety under Dithmenos
 11471 | D:9      | Noticed Erica
 11489 | D:9      | Killed Erica
 12084 | D:10     | Entered Level 10 of the Dungeon
 12393 | D:10     | Noticed a two-headed ogre
 12399 | D:10     | Killed a two-headed ogre
 12400 | D:10     | Reached skill level 13 in Stealth
 12894 | D:10     | Noticed Erolcha
 12904 | D:10     | Killed Erolcha
 13026 | D:10     | Found a shimmering altar of Xom.
 13208 | D:11     | Noticed a red ugly thing
 13223 | D:11     | Killed a red ugly thing
 13231 | D:11     | Noticed a tengu warrior
 13236 | D:11     | Noticed a five-headed hydra
 13241 | D:11     | HP: 2/77 [tengu warrior/+0 dire flail (8)]
 13245 | D:11     | Mangled by a tengu warrior

Illustrated notes

Levels and vault maps discovered:
D:1:      lemuel_arrival_river_bridge, layout_rooms,
          ebering_ecumenical_altar_rust, minmay_split_cup_small
D:2:      layout_basic, basic_altar
D:3:      layout_basic, lemuel_tele_altar, mainiacjoe_overflow_boulevard,
          tso_altar, gammafunk_ghost_cemetery
D:4:      minmay_polygon_palace, layout_rooms, nemelex_diamond_rough_becter,
          old_standard_altar, minmay_strange_pillars, uniq_grinder
D:5:      layout_basic, serial_shops, shop
D:6:      layout_basic, zin_academy, tgw_sif, kennysheep_mini,
          chequers_temple_overflow_statue_of_worship,
          chequers_serial_rivers_micro_e, chequers_serial_rivers_small_3
D:7:      layout_basic, minmay_temple_entry_ruins, kennysheep_opposing_triangles
D:8:      minmay_skewed_foursquare, layout_rooms,
          mainiacjoe_overflow_tiny_flanked, nicolae_qazlal_style_of_elements,
          hellmonk_ghost_happy_afterlife, serial_shops, shop_statue, uniq_joseph
D:9:      minmay_razor_zed, layout_stronghold, uniq_erica, uniq_maurice
D:10:     layout_layer_cave, mainiacjoe_overflow_chevrons, uniq_erolcha
D:11:     layout_cave_pools, due_lair_maze_entry_diamond, enter_trove_2,
          minmay_guarded_unrand_staff_of_olgreb, uniq_josephine, uniq_sonja
Temple:   hellmonk_temple_of_storms

Skill      XL: |  1  2  3  4  5  6  7  8  9 10 11 |
---------------+----------------------------------+-----
Stealth        | 2 3 4 5 7 9 12 13 | 13.5
Dodging        | 1 2 |  2.0
Axes           | 1 |  1.0
Short Blades   | 1 2 3 4 5 7 8 9 |  9.7
Invocations    | 2 4 |  4.0
Unarmed Combat | 1 3 4 |  4.0
Fighting       | 4 |  4.0
Armour         | 2 |  2.0
Evocations     | 2 |  2.0
Throwing       | 2 |  2.0
Polearms       | |  1.7

Action                   |  1- 3 |  4- 6 |  7- 9 | 10-12 || total
-------------------------+-------+-------+-------+-------++-------
Melee: Dagger            |   126 |    80 |   349 |   353 ||   908
       Punch             |     3 |       |     9 |    18 ||    30
       Touch             |       |     5 |    65 |    82 ||   152
Throw: Javelin           |       |     3 |     2 |       ||     5
       Boomerang         |       |       |       |     6 ||     6
       Dart              |       |       |       |     1 ||     1
Evoke: Wand              |       |       |       |     2 ||     2
  Use: Scroll            |     6 |    10 |     6 |     4 ||    26
       Potion            |       |     5 |     1 |     1 ||     7
 Stab: Sleeping          |     5 |     4 |    15 |    15 ||    39
       Distracted        |     1 |       |       |       ||     1
Armor: Leather armour    |    39 |     1 |       |       ||    40
       Robe              |       |     1 |       |       ||     1
       Ring mail         |       |       |    22 |       ||    22
       Scale mail        |       |       |    71 |   103 ||   174
Dodge: Dodged            |    74 |    43 |   175 |   170 ||   462
Block: Other             |       |       |    37 |    48 ||    85

Table legend: (Time is in decaauts)
 A = Elapsed time spent in this place.
 B = Non-inter-level travel time spent in this place.
 C = Inter-level travel time spent in this place.
 D = Time resting spent in this place.
 E = Time spent auto-exploring this place.
 F = Levels seen in this place.
 G = Mean time per level.
                   A        B        C        D        E       F      G
               +--------+--------+--------+--------+--------+-----+--------+
         Total |  12985 |  10988 |   1997 |   1964 |   6346 |  12 | 1082.1 |
       Dungeon |  12939 |  10942 |   1997 |   1964 |   6346 |  11 | 1176.3 |
        Temple |     45 |     45 |      0 |      0 |      0 |   1 |   45.0 |
               +--------+--------+--------+--------+--------+-----+--------+

Top non-repeatable levels by time:
     D:9: 1917 daAuts
     D:2: 1550 daAuts
     D:4: 1523 daAuts
     D:8: 1499 daAuts
     D:3: 1319 daAuts
     D:1: 1249 daAuts
     D:5: 1207 daAuts
     D:6: 1027 daAuts
     D:7: 936 daAuts
    D:10: 682 daAuts
  Temple: 45 daAuts
    D:11: 26 daAuts
